Cogmind - Beta 16.1 @@@ ROGUE MODE // 2026.03.24 @ 03:48:49 Player: KURIIRI Result: Destroyed by P6-KOU(R) with Subdweller Machine Gun Performance ------------- Evolutions (0) 0 Regions Visited (2) 400 Robots Destroyed (47) 235 Value Destroyed (1157) 1157 Prototype IDs (0) 0 Alien Tech Used (0) 0 Bonus (2) 2 TOTAL SCORE: 1794 Bonus ------- High Alert Combat Kills 2 Cogmind --------- Core Integrity 0/250 Matter 253/300 Energy 99/100 System Corruption 1% Temperature Cool (0) Movement Rolling (155) Ox5 Location -10/Subcaves Parts ------- > --- POWER (1) -------- (None) > --- PROPULSION (2) --- Light Treads Wheel > --- UTILITY (2) ------ High-capacity Storage Unit Makeshift Light Armor Plating > --- WEAPON (2) ------- Subdweller Laser Light Cannon > --- INVENTORY (20) --- Light Ion Engine Light Treads Light Treads Light Treads Wheel Compact Wheel Compact Wheel Subdweller Monowheel Disposable Heat Sink Disposable Heat Sink Large Storage Unit Large Matter Pod (150) Improved Terrain Scanner Field Recycling Unit (0) Light Cannon Light Cannon Grenade Launcher Plasma Cutter Scrap Shield Fragment (48) Peak State ------------ > --- POWER ------------ Ion Engine > --- PROPULSION ------- Light Treads Wheel > --- UTILITY ---------- High-capacity Storage Unit Makeshift Light Armor Plating > --- WEAPON ----------- Subdweller Laser Subdweller Laser > --- INVENTORY -------- Light Ion Engine Light Treads Light Treads Light Treads Wheel Wheel Compact Wheel Compact Wheel Disposable Heat Sink Disposable Heat Sink Large Storage Unit Large Matter Pod Improved Terrain Scanner Field Recycling Unit Light Cannon Light Cannon Light Cannon Grenade Launcher Plasma Cutter Scrap Shield Fragment [Rating: 14] Favorites ----------- Power Ion Engine Engine Ion Engine Propulsion Light Treads Treads Light Treads Leg Aluminum Leg Wheel Wheel Utility High-capacity Storage Unit Storage High-capacity Storage Unit Processor Visual Processing Unit Protection Makeshift Light Armor Plating Weapon Subdweller Laser Energy Gun Subdweller Laser Ballistic Gun Assault Rifle Ballistic Cannon Light Cannon Launcher Grenade Launcher Special Weapon Plasma Cutter Build | -11 -10 -10 ------- Run | Yrd Mat Sub Slots Evolved . | . . . Power . | . . . Propulsion . | . . . Utility . | . . . Weapon . | . . . Parts Attached 25 | 3 18 4 Power 1 | . 1 . Engine 1 | . 1 . Core . | . . . Reactor . | . . . Propulsion 10 | 3 5 2 Treads 5 | 2 3 . Leg . | . . . Wheel 5 | 1 2 2 Hover . | . . . Flight . | . . . Utility 4 | . 3 1 Device . | . . . Storage 2 | . 2 . Processor 1 | . 1 . Hackware . | . . . Protection 1 | . . 1 Artifact . | . . . Weapon 10 | . 9 1 Energy Gun 2 | . 1 1 Energy Cannon . | . . . Ballistic Gun 3 | . 3 . Ballistic Cannon 3 | . 3 . Launcher 1 | . 1 . Special Weapon 1 | . 1 . Impact Weapon . | . . . Slashing Weapon . | . . . Piercing Weapon . | . . . Special Melee Weapon . | . . . Unidentified Prototypes . | . . . Parts Lost 4 | . 1 3 Power 1 | . . 1 Propulsion 1 | . . 1 Utility . | . . . Weapon 2 | . 1 1 Highest Loss Streak 1 | . 1 1 To Critical Strikes . | . . . Average Backups 16 | 6 15 18 Power 1 | 1 1 1 Propulsion 6 | 4 7 6 Utility 4 | . 4 5 Weapon 2 | 1 2 3 Tool/Special . | . . . Unused Backups 13 | . 6 7 Power 2 | . 2 . Propulsion 4 | . 2 2 Utility 5 | . . 5 Weapon 2 | . 2 . Tool/Special . | . . . Average Slot Usage (%) 94 | . 96 92 Engine 10 | . 14 7 Treads 15 | . 17 14 Wheel 12 | . 10 13 Storage 14 | . 14 14 Processor 6 | . 10 1 Protection 5 | . . 12 Energy Gun 10 | . . 20 Ballistic Gun 10 | . 20 . Ballistic Cannon 4 | . 5 4 Launcher 2 | . 2 2 Peak Build Rating 14 | 6 12 14 Average Rating 10 | 6 8 12 On Entrance 7 | 6 6 11 Avg Prop Armor Cover (%) 11 | . 11 12 Naked Turns . | . . . Heaviest Build 57 | 12 52 57 Greatest Support 40 | 40 40 20 Greatest Overweight (x) 5 | . 5 5 Average Overweight (x) 3 | . 3 4 Largest Inventory Capacity 20 | 8 20 20 Average Capacity 19 | 8 18 20 Most Carried 20 | 6 20 20 Average Carried 17 | 6 15 19 Final Capacity 20 | 8 20 20 Final Carried 19 | 6 19 19 Class Distribution -------------------- 100% | Mutant Dominant Class ---------------- Mutant | -10/Materials Mutant | -10/Subcaves Resources | -11 -10 -10 ----------- Run | Yrd Mat Sub Matter Collected 1556 | 226 1009 321 Remotely . | . . . Salvage Created 1481 | 69 1205 207 Parts 86 | 1 75 10 Haulers Intercepted 2 | . 2 . Recyclers Shooed 1 | . 1 . Parts Field Recycled . | . . . Retrieved Matter . | . . . Parts Self-Destructed 4 | . . 4 Prevented . | . . . Parts Restored . | . . . Kills | -11 -10 -10 ------- Run | Yrd Mat Sub Combat Hostiles Destroyed 35 | . 28 7 Guns 22 | . 18 4 Cannons 6 | . 6 . AOE 7 | . 4 3 Classes Destroyed 9 | 1 7 1 Worker 2 | . 2 . Builder 1 | . 1 . Tunneler 1 | . 1 . Hauler 2 | . 2 . Recycler 3 | 1 2 . Watcher 3 | . 3 . Swarmer 9 | . 9 . Grunt 21 | . 19 2 Subdweller 5 | . . 5 Best Kill Streak 6 | 1 6 3 Combat Bots Only 5 | . 5 3 Max Kills in Single Turn 2 | 1 2 1 Gunslinging . | . . . Exploded 1 | . 1 1 Melee . | . . . Uniques/NPCs Destroyed . | . . . Combat | -11 -10 -10 -------- Run | Yrd Mat Sub Hostile Shots Fired 127 | . 104 23 Missed 31 | . 26 5 Hits 96 | . 78 18 Projectile 96 | . 78 18 Damage Taken 1427 | . 871 556 Core 251 | . 156 95 Absorbed by Shields . | . . . Regen/Repaired (Parts) 56 | . 56 . Core Remaining (%) 100 | 100 . . Volleys Fired 146 | 3 117 26 Largest 2 | 2 2 2 Hottest 120 | 40 80 120 Shots Fired 271 | 6 220 45 Gun 213 | 6 179 28 Cannon 39 | . 32 7 Launcher 18 | . 8 10 Special 1 | . 1 . Kinetic 217 | 6 204 7 Thermal 36 | . 8 28 Explosive 18 | . 8 10 Electromagnetic . | . . . Robot Hit Streak 17 | 5 17 10 Robot Miss Streak 5 | 1 5 2 Penetration Max . | . . . Secondary Targets 3 | . 3 . Max Gunslinging Chain 1 | . 1 . Shots Hit Robots 155 | 5 136 14 Core Hits 75 | 2 59 14 Critical Kills . | . . . Critical Parts Destroyed . | . . . Critical Strikes 2 | . 2 . Blast 2 | . 2 . Melee Attacks . | . . . Impact . | . . . Slashing . | . . . Piercing . | . . . Sneak Attacks . | . . . Combat Hostiles . | . . . Follow-up Attacks . | . . . Damage Inflicted 3087 | 46 2164 877 Guns 1744 | 46 1376 322 Cannons 364 | . 364 . Explosions 971 | . 416 555 Melee . | . . . Ramming 8 | . 8 . Kinetic 1726 | 46 1680 . Thermal 382 | . 60 322 Explosive 971 | . 416 555 Electromagnetic . | . . . Impact . | . . . Slashing . | . . . Piercing . | . . . Highest Corruption 1 | . 1 1 Average Corruption 1 | . 1 1 Corruption Purged . | . . . Corruption Blocked . | . . . Effects 20 | . 10 10 Message Errors 4 | . 2 2 Matter Fused 4 | . 1 3 Heat Flow Errors 3 | . 1 2 Data Loss (minor) 3 | . 3 . Data Loss (major) 2 | . 1 1 Misfires 2 | . 1 1 Alerts 1 | . . 1 Weapon Failures 1 | . 1 . Overload Shots . | . . . Overflow Damage . | . . . Projectiles . | . . . Explosions . | . . . Melee . | . . . Knockbacks 3 | . 3 . Impact . | . . . Kinetic 3 | . 3 . Secondary . | . . . Self-Inflicted Damage 22 | . 22 . Shots 1 | . 1 . Rammed 1 | . 1 . Targets Rammed 1 | . 1 . Kicked . | . . . Crushed . | . . . Highest Temperature 284 | . 284 258 Average Temperature 68 | . 69 64 Received Heat Transfer 444 | . 363 81 Siege Activations . | . . . Martial Activations . | . . . Shielding Activations . | . . . Robots Disrupted . | . . . Combat Hostiles . | . . . Robots Corrupted . | . . . Combat Hostiles . | . . . Parts Fried . | . . . Impact Corruptions . | . . . Robots Melted . | . . . Combat Hostiles . | . . . Parts Melted . | . . . Heat Transferred 475 | . 75 400 Parts Sabotaged . | . . . Parts Stolen . | . . . Parts Stripped . | . . . Power Chain Reactions . | . . . Alert | -11 -10 -10 ------- Run | Yrd Mat Sub Maximum Alert Level 2 | . 2 . Low Security (%) 73 | 100 73 . Level 1 22 | . 22 . Level 2 4 | . 4 . Level 3 . | . . . Level 4 . | . . . Level 5 . | . . . High Security . | . . . Max Security . | . . . Peak Influence 415 | 5 415 . Initial 3 | . 3 . Average 152 | 3 154 . Influence Increases 1028 | 5 973 50 Destroy 0b10 Robot/C 600 | . 560 40 Destroy 0b10 Robot/NC 60 | 5 55 . Destroy Leader 140 | . 130 10 Successful Hack 24 | . 24 . Select Force Hacks 60 | . 60 . Disable Machine 45 | . 45 . Destroy Structure 39 | . 39 . Lose Combat Pursuer 60 | . 60 . Influence Decreases 1028 | . 599 429 Entered New Map 185 | . 2 183 Time Decay 683 | . 437 246 Lost Part 10 | . 10 . Purge Threat 150 | . 150 . Squads Dispatched 8 | . 8 . Investigation 5 | . 5 . Extermination . | . . . Reinforcement 3 | . 3 . Assault . | . . . Garrison . | . . . Intercept . | . . . Searches Triggered . | . . . Construction Impeded . | . . . Haulers Reinforced . | . . . Active Scanning Responses . | . . . Cargo Convoy Interrupts . | . . . Stealth | -11 -10 -10 --------- Run | Yrd Mat Sub Distress Signals 2 | . 2 . Communications Jammed . | . . . Distress Signals . | . . . Times Spotted 50 | . 39 11 Peak Tracking Total 4 | . 4 2 Tactical Retreats 2 | . 2 . Traps | -11 -10 -10 ------- Run | Yrd Mat Sub Traps Triggered 6 | . 3 3 Indirectly . | . . . Trap Hack Attempts . | . . . Triggered . | . . . Disarmed . | . . . Reprogrammed . | . . . Reused . | . . . Traps Extracted . | . . . Installed . | . . . Triggered . | . . . Machines | -11 -10 -10 ---------- Run | Yrd Mat Sub Machines Disabled 3 | . 3 . Max in Single Turn 1 | . 1 . Machines Repaired . | . . . Machines Dismantled . | . . . Machines Sabotaged . | . . . Overloaded Fab Kills . | . . . Hacking | -11 -10 -10 --------- Run | Yrd Mat Sub Machines Accessed 9 | . 9 . Terminals 6 | . 6 . Fabricators . | . . . Repair Stations 1 | . 1 . Recycling Units 2 | . 2 . Scanalyzers . | . . . Garrison Access . | . . . Total Hacks 26 | . 26 . Successful 16 | . 16 . Failed 10 | . 10 . Catastrophic . | . . . Database Lockouts . | . . . Manual 25 | . 25 . Terminals 23 | . 23 . Fabricators . | . . . Repair Stations 1 | . 1 . Recycling Units 2 | . 2 . Scanalyzers . | . . . Garrison Access . | . . . Terminal Hacks 5 | . 5 . Robot Analysis 4 | . 4 . Unreport Threat 1 | . 1 . Fabricator Hacks . | . . . Repair Station Hacks . | . . . Recycling Unit Hacks . | . . . Scanalyzer . | . . . Garrison Access Hacks . | . . . Unauthorized Hacks 11 | . 11 . Terminals 8 | . 8 . Botnet 2 | . 2 . Operators 1 | . 1 . Skim 5 | . 5 . Fabricators . | . . . Repair Stations 1 | . 1 . Patch 1 | . 1 . Recycling Units 2 | . 2 . Tunnel 2 | . 2 . Scanalyzers . | . . . Garrison Access . | . . . Data Cores Recovered . | . . . Used . | . . . Hacking Detections 6 | . 6 . Full Trace Events . | . . . Feedback Events . | . . . Feedback Blocked . | . . . Robot Schematics Acquired . | . . . Robots Built . | . . . Authchips . | . . . Time . | . . . Total Robot Build Rating . | . . . Part Schematics Acquired . | . . . Parts Built . | . . . Authchips . | . . . Time . | . . . Total Part Build Rating . | . . . Part Studies Acquired . | . . . Parts Repaired . | . . . Time . | . . . Parts Recycled . | . . . Recycled Matter . | . . . Retrieved Matter . | . . . Retrieved Components . | . . . Parts Scanalyzed . | . . . Part Schematics Acquired . | . . . Parts Damaged . | . . . Bothacking | -11 -10 -10 ------------ Run | Yrd Mat Sub Used RIF Installer . | . . . Robots Hacked . | . . . Non-combat . | . . . Combat . | . . . Robot Hacks Applied . | . . . Relay Couplers Released . | . . . Fabnet Peak Effective % . | . . . Robots Rewired . | . . . Allies Hacked . | . . . Hacks Repelled . | . . . Allies | -11 -10 -10 -------- Run | Yrd Mat Sub Total Allies . | . . . Largest Group . | . . . Highest-Rated Group . | . . . Highest-Rated Ally . | . . . Total Orders . | . . . Ally Attacks . | . . . Total Damage . | . . . Kills . | . . . Allies Corrupted . | . . . Allies Melted . | . . . Intel | -11 -10 -10 ------- Run | Yrd Mat Sub Active Infowar (turns) 1420 | . 1225 195 Optics 1420 | . 1225 195 Robot Analysis Total 4 | . 4 . Derelict Logs Recovered . | . . . Drone Launches . | . . . Drone Recoveries . | . . . Exploration | -11 -10 -10 ------------- Run | Yrd Mat Sub Turns Passed 3103 | 19 1594 1490 Spaces Moved 1590 | 6 741 843 Core . | . . . Treads 180 | 1 178 1 Legs 3 | 3 . . Wheels 1407 | 2 563 842 Hover . | . . . Flight . | . . . Fastest Speed 100 | 100 140 130 Average Speed 150 | 120 149 151 Slowest Speed 320 | 160 160 320 Overloaded Moves . | . . . Propulsion Burnouts . | . . . Robots Hopped . | . . . Potential Cave-ins . | . . . Cave-ins Triggered . | . . . Exploration Rate (%) 49 | 2 98 49 Regions Visited 2 Branch Regions 1 Pre-discovered Areas 4 | . 4 . Known Exits Taken . | . . . Unknown Exits Taken 2 | 1 1 . Scrap Searched 2 | . . 2 Spaces Dug 7 | . 7 . Terrain Destroyed 69 | . 35 34 Melee . | . . . Projectile . | . . . AOE 69 | . 35 34 Terrain Rammed . | . . . Walls Destroyed . | . . . Machines Disabled . | . . . Actions | -11 -10 -10 --------- Run | Yrd Mat Sub Total 2033 | 12 1013 1008 Wait 238 | 1 110 127 Move 1588 | 5 740 843 Hop . | . . . Pick Up 18 | . 17 1 Fast Attach 4 | . 2 2 Attach 4 | . 2 2 Detach 2 | . 1 1 Swap 22 | 3 15 4 Drop 10 | . 8 2 Fire 146 | 3 117 26 Melee . | . . . Ram . | . . . Kick . | . . . Crush 1 | . 1 . Escape Stasis . | . . . Rewire . | . . . Trap . | . . . Miscellaneous . | . . . Route ------- -11/Scrapyard -10/Materials (discovered 6 exits: *Mat x3 / [*Min x2] / [*Sub]) -10/Subcaves (discovered 2 exits: Mat / Rec) History --------- Turn | Location | Event 9 | -11/Scrapyard | Discovered new exit (range 2) 20 | -11/Scrapyard | Entered Materials 164 | -10/Materials | Discovered new exit (range 16) 310 | -10/Materials | Build established: Mutant 427 | -10/Materials | Discovered new exit (range 10) 512 | -10/Materials | Discovered new exit (range 17) 737 | -10/Materials | Discovered new exit (range 10) 856 | -10/Materials | Learned location of Storage (-7) 883 | -10/Materials | Discovered new exit (range 8) 892 | -10/Materials | Learned 4 Subcaves zone layouts 919 | -10/Materials | Identified exit to Materials 920 | -10/Materials | Derelicts attacked the area 936 | -10/Materials | Learned location of 2 exits from Subcaves 941 | -10/Materials | Learned location of 1 exit from Recycling 942 | -10/Materials | Learned Storage emergency access door positions 944 | -10/Materials | Learned location of 1 exit from Storage 963 | -10/Materials | Learned Storage interactive machine intel 987 | -10/Materials | Loaded intel: 7 trap records 1316 | -10/Materials | Core integrity fell below 50% 1614 | -10/Materials | Entered Subcaves 1615 | -10/Subcaves | Approached by a straggling Scientist 1615 | -10/Subcaves | Identified exit to Materials 1615 | -10/Subcaves | Identified exit to Recycling 1921 | -10/Subcaves | Core integrity fell below 20% 2299 | -10/Subcaves | Shifting Twisted Machinery released Sub. Optics 2304 | -10/Subcaves | Shifting Twisted Machinery released Flamer 2702 | -10/Subcaves | Disturbed a concealed Subdweller 3104 | -10/Subcaves | A Subdweller sparked back to life 3104 | -10/Subcaves | A Subdweller sparked back to life 3104 | -10/Subcaves | A Subdweller sparked back to life 3104 | -10/Subcaves | Destroyed by P6-KOU(R) with Subdweller Machine Gun Last Messages --------------- 02762_ Sub. Monowheel shoots sparks and powers down. 02832_ System corrupted: Substantial component data lost. 02858_ Subatomizers dissect the Sub. Monowheel. 02878_ System corrupted: IFF burst signal emitted. 02958_ 7PQA1RJY# >>|ZFQOGCOLH2U2VQ 02990_ System corrupted: FCS attempts to trigger Sub. Laser. 02990_ System corrupted: Sub. Laser misfires. 03054_ System corrupted: Matter fused (-9). 03071_ System corrupted: Heat flow error (+170). 03104_ 5Q-VTW(R) creaks and sparks as it begins to move. 03104_ P6-KOU(R) creaks and sparks as it begins to move. 03104_ V5-F7D(R) creaks and sparks as it begins to move. Map ----- +----------------------------------------------------+ | ?????????????????????????????????????????????????? | | ?????????????????????????????????????????????????? | | ?????????????????????????????????????????????????? | | ?????????????????????????????????????????????????? | | ?????????????????????????????????????????????????? | | ?????????????????????????????????????????????????? | | ?????????????????????????????????????????????????? | | ?????????????????????????????????????????????????? | | ?????????????????????????????????????????????????? | | ?????????????????????????????????????????????????? | | ?????????????????????????????????????????????????? | | ?????????????????????????????????????????????????? | | ?????????????????????????????????????????????????? | | ?????????????????????????????????????????????????? | | ??????????????????????????????####???###?????????? | | ??????????????????????????????# ##?## ####??????? | | ??????????????????????????????# ### #??????? | | ??????????????????????????????# #???????? | | ??????????????????????????????# #???????? | | ??????????????????????????###?# # ##??????? | | ???????????????????????#### ## ## #??????? | | ??????????????????????## ## #??????? | | ??????????????????????# ### # #?????## | | ??????????????????????## ### ##?#### #????## | | ????????????????????### ##?????# #???## | | ???????????????????## @ < #??#### #???# | | ??????????????????## RR ##?## ##### | | ??????????????????#